 Dungeon Crawl Stone Soup version 0.30.1-9-gdf580d7c3d (webtiles) character file.

Game seed: 8181891092601508484

45 KittyFluff the Trooper (level 3, -1/34 HPs)
             Began as a Gargoyle Berserker on Oct 10, 2023.
             Was a Believer of Trog.
             Slain by a gnoll
             ... wielding a +0 halberd
              (4 damage)
             ... on level 2 of the Dungeon.
             The game lasted 00:04:44 (1306 turns).

KittyFluff the Trooper (Gargoyle Berserker)         Turns: 1306, Time: 00:04:45

Health: -1/34      AC:  7    Str: 22    XL:     3   Next: 64%
Magic:  3/3        EV: 11    Int:  7    God:    Trog [**....]
Gold:   42         SH:  0    Dex:  9    Spells: 2/2 levels left

rFire   . . .        a - +0 mace
rCold   . . .        (no shield)
rNeg    + . .        i - +0 leather armour
rPois   ∞            (no helmet)
rElec   +            (no cloak)
rCorr   .            (no gloves)
SInv    .            h - +0 pair of boots
Will    .....        (no amulet) Stlth
                     (no ring)
HPRegen 0.25/turn    (no ring)
MPRegen 0.08/turn

%: no passive effects
@: berserking, very quick
A: sickness immunity, AC +3, negative energy resistance 1, electricity
resistance, torment resistance 1, petrification resistance
a: Renounce Religion, Berserk, Trog's Hand


You were on level 2 of the Dungeon.
You worshipped Trog.
Trog was pleased with you.
You visited 1 branch of the dungeon, and saw 2 of its levels.

You collected 42 gold pieces.

Inventory:

Hand Weapons
 a - a +0 mace (weapon)
 f - a +0 sling
Missiles
 d - 4 boomerangs (quivered)
Armour
 h - a +0 pair of boots (worn)
 i - a +0 leather armour (worn)
Scrolls
 c - a scroll of enchant armour {unknown}
Potions
 b - a potion of haste {unknown}
 e - a potion of mutation {unknown}
 g - a potion of curing {unknown}
 j - a potion of might {unknown}


   Skills:
 + Level 3.6 Fighting
 * Level 3.5 Maces & Flails
 * Level 3.0 Armour
 + Level 1.9 Dodging


You had 2 spell levels left.
You didn't know any spells.
Your spell library was empty.

Dungeon Overview and Level Annotations

Branches:
Dungeon (2/15)

Altars:


Innate Abilities, Weirdness & Mutations

You are immune to sickness and miasma.
Your stone body is resilient. (AC +3)
You are immune to poison.
You resist negative energy. (rN+)
You are resistant to electric shocks. (rElec)
You are resistant to unholy torment.
You are immune to petrification.


Message History

The gnoll moves out of view.
A gnoll comes into view. It is wielding a +0 halberd.
The endoplasm quivers.
The gnoll shouts!
A gnoll opens the door.
You see here a ball python corpse.
You hit the rat.
You kill the rat!
Trog accepts your kill. The gnoll barely misses you.
The gnoll hits you with a +0 halberd!
Ouch! That really hurt!
You see here a rat corpse.
You barely miss the gnoll. The gnoll closely misses you.
You hit the gnoll.
The gnoll is heavily wounded.
The gnoll barely misses you.
A red film seems to cover your vision as you go berserk!
You feel yourself moving faster!
You feel mighty! The gnoll barely misses you. The gnoll closely misses you.
You sock the gnoll!
You kill the gnoll!
Trog accepts your kill. The gnoll barely misses you.
Your Armour skill increases to level 3!
You hit the endoplasm.
The endoplasm is lightly wounded.
The gnoll hits you from afar with a +0 halberd.
The endoplasm hits you but does no damage.
You sock the endoplasm!
You feel the power of Trog in you as your rage grows.
You kill the endoplasm!
Trog accepts your kill.
The gnoll hits you from afar with a +0 halberd!
* * * LOW HITPOINT WARNING * * *
You sock the gnoll!
The gnoll is severely wounded.
The gnoll barely misses you.
The gnoll hits you from afar with a +0 halberd.
You die...

..# ...... ..# .....
.# ## g.# .... .# .g#
...#. g.# .... .#..
..# ..# ..... ..# #.#
....
..############.#####
#..##
..gg..........gg@..#..
#...
...........)..g###.#.#
#..# ...............#
#.#.# ######..
##.............# #.#.#
#....#.#
############### #.#.#
+......# ###########
#.#.#####....#..
....#.....#
#.#....##...)#..
........#.#
#####.#[.........#..
........#.#
#.....#.##.#.....#..


You could see 3 gnolls.

Vanquished Creatures
  A gnoll (D:2)
  2 dart slugs (D:1)
  5 ball pythons
  2 bats
  2 endoplasms (D:2)
  A giant cockroach (D:2)
  3 goblins (D:1)
  2 hobgoblins
  4 jackals (D:2)
  2 frilled lizards (D:1)
  2 kobolds
  4 rats
30 creatures vanquished.

Notes
Turn   | Place    | Note
-------+----------+-------------------------------------------
     0 | D:1      | KittyFluff the Gargoyle Berserker began the quest for the
                  | Orb.
     0 | D:1      | Reached XP level 1. HP: 14/14 MP: 1/1
   226 | D:1      | Reached XP level 2. HP: 19/19 MP: 2/2
  1017 | D:2      | Reached XP level 3. HP: 15/23 MP: 3/3
  1193 | D:2      | Reached ** piety under Trog
  1306 | D:2      | Slain by a gnoll

Illustrated notes

Levels and vault maps discovered:
D:1:      scummos_arrival_simple_crosswalls, layout_basic
D:2:      layout_basic

Skill      XL: |  1  2  3 |
---------------+----------+-----
Armour         | 3 |  3.0
Fighting       | |  3.6
Maces & Flails | |  3.5
Dodging        | |  1.9

Action                     || total
---------------------------++-------
  Melee: Mace              ||    72
 Invoke: Berserk           ||     1
 Armour: Animal skin       ||    19
         Leather armour    ||    13
  Dodge: Dodged            ||    55
